 Dungeon Crawl Stone Soup version 0.19.1 (webtiles) character file.

3593 RaHiT the Thaumaturge (level 9, -5/57 HPs)
             Began as a Mummy Conjurer on Dec 26, 2016.
             Was a Follower of Vehumet.
             Slain by a troll (13 damage)
             ... on level 9 of the Dungeon.
             The game lasted 00:55:20 (9885 turns).

RaHiT the Thaumaturge (Mummy Conjurer)              Turns: 9885, Time: 00:55:21

Health: -5/57      AC:  4    Str: 11    XL:     9   Next: 85%
Magic:  10/23      EV: 12    Int: 18    God:    Vehumet [*.....]
Gold:   408        SH:  0    Dex: 12    Spells: 9 memorised, 3 levels left

rFire  x . .     SeeInvis .     o - +0 blowgun (curse)
rCold  + . .     Gourm    .     a - +0 robe
rNeg   + + +     Faith    .     (no shield)
rPois  ∞         Spirit   .     (no helmet)
rElec  .         Reflect  .     y - +0 cloak
rCorr  +         Harm     .     (no gloves)
MR     +....                    f - +0 pair of boots
Stlth  ++........               (no amulet)
                                (no ring)
                                i - ring of resist corrosion

@: repel missiles
A: no food or potions, fire vulnerability, cold resistance 1, negative energy
resistance 3, torment resistance, unbreathing
a: Renounce Religion


You were on level 9 of the Dungeon.
You worshipped Vehumet.
Vehumet was aware of your devotion.
You were not hungry.

You visited 2 branches of the dungeon, and saw 10 of its levels.

You collected 408 gold pieces.

Inventory:

Hand Weapons
 e - a +4 mace
 o - a cursed +0 blowgun (weapon)
 s - a +3 dagger
 t - a +0 long sword
 w - a cursed -1 halberd
 x - a cursed -3 whip
 F - a cursed -2 mace
Missiles
 c - 61 arrows
 k - 104 sling bullets
 m - a throwing net
 p - 13 poisoned needles (quivered)
Armour
 a - a +0 robe (worn)
 d - a +0 scale mail of fire resistance
 f - a +0 pair of boots (worn)
 y - a +0 cloak (worn)
 B - the cursed +1 ring mail of Taboq {*Corrode Dex+6, unknown}
   (You found it on level 7 of the Dungeon)

   It affects your dexterity (+6).
   It may corrode you when you take damage.
   It has a curse placed upon it.
Jewellery
 i - a ring of resist corrosion (left hand)
Wands
 C - a wand of polymorph (13/24)
Scrolls
 g - a scroll of enchant weapon
 h - a scroll of blinking
 j - 2 scrolls of noise
 l - 2 scrolls of recharging
 n - 2 scrolls of enchant armour
 q - a scroll of amnesia
 u - 3 scrolls of remove curse {unknown}
 v - 3 scrolls of fog
 A - a scroll of silence {unknown}
 D - a scroll of immolation {unknown}
 E - 2 scrolls of fear {unknown}
Books
 b - a book of Conjurations

   Spells                             Type                      Level
   a - Magic Dart                     Conjuration                  1
   b - Searing Ray                    Conjuration                  2
   c - Dazzling Spray                 Conjuration/Hexes            3
   d - Fulminant Prism                Conjuration/Hexes            4
   e - Iskenderun's Mystic Blast      Conjuration                  4
   f - Iskenderun's Battlesphere      Conjuration/Charms           5
 z - a book of Minor Magic

   Spells                             Type                      Level
   a - Magic Dart                     Conjuration                  1
   b - Blink                          Translocation                2
   c - Call Imp                       Summoning                    2
   d - Repel Missiles                 Charms/Air                   2
   e - Slow                           Hexes                        2
   f - Conjure Flame                  Conjuration/Fire             3
   g - Mephitic Cloud                 Conjuration/Poison/Air       3
 G - a book of Frost

   Spells                             Type                      Level
   a - Freeze                         Ice                          1
   b - Throw Frost                    Conjuration/Ice              2
   c - Ozocubu's Armour               Charms/Ice                   3
   d - Throw Icicle                   Conjuration/Ice              4
   e - Summon Ice Beast               Ice/Summoning                4


   Skills:
 - Level 1.5 Dodging
 - Level 1.5 Stealth
 - Level 10.4 Spellcasting
 * Level 8.0 Conjurations


You had 3 spell levels left.
You knew the following spells:

 Your Spells              Type           Power        Failure   Level  Hunger
a - Magic Dart            Conj           ####         1%          1    N/A
b - Dazzling Spray        Conj/Hex       ###...       4%          3    N/A
c - Iskenderun's Mystic   Conj           #####...     2%          4    N/A
d - Iskenderun's Battles  Conj/Chrm      ###.....     41%         5    N/A
e - Mephitic Cloud        Conj/Pois/Air  ###.....     10%         3    N/A
f - Repel Missiles        Chrm/Air       #.....       12%         2    N/A
g - Blink                 Tloc           N/A          12%         2    N/A
h - Conjure Flame         Conj/Fire      ###.....     4%          3    N/A
q - Searing Ray           Conj           #####.       1%          2    N/A

Dungeon Overview and Level Annotations

Branches:
Dungeon (9/15)             Temple (1/1) D:6            Lair (0/6) D:8
    Orc: D:9-12

Altars:
Ashenzari
Cheibriados
Dithmenos
Fedhas
Gozag
Hepliaklqana
Kikubaaqudgha
Makhleb
Nemelex Xobeh
Okawaru
Qazlal
Ru
Sif Muna
Trog
Uskayaw
Vehumet
Xom
Yredelemnul
Zin
The Shining One

Shops:
D:5 }

Annotations:
D:6 Edmund


Innate Abilities, Weirdness & Mutations

You do not eat or drink.
Your flesh is vulnerable to fire.
You are immune to poison.
Your flesh is cold resistant. (rC+)
You are immune to negative energy. (rN+++)
You are immune to unholy pain and torment.
You can survive without breathing.


Message History

The troll is moderately wounded.
Casting: Searing Ray
Confirm with . or Enter, or press ? or * to list all spells.
Aiming: Iskenderun's Mystic Blast
Press: ? - help, Shift-Dir - straight line, f/p - troll
Aim: a troll (moderately wounded)
The orb of energy hits the troll.
The troll is heavily wounded.
The orb of energy explodes!
The troll bites you! The troll claws you! x2
Casting: Iskenderun's Mystic Blast
Confirm with . or Enter, or press ? or * to list all spells.
Aiming: Iskenderun's Mystic Blast
Press: ? - help, Shift-Dir - straight line, f/p - troll
Aim: a troll (moderately wounded)
The orb of energy hits the troll.
The troll is heavily wounded.
The orb of energy explodes!
The troll bites you!
* * * LOW HITPOINT WARNING * * *
The troll closely misses you. The troll claws you!
You die...

#.........#..#########.
#......................
#.........############.
#.........#
#.........#####
##.............#
...........###..%#
...........### ..
......T@.....#
.......^..##.#
##.#W....## .#
...###..# . ... ##.# ..
.. #.. .# . ... .. ###.


You could see a troll and a phantom.

Vanquished Creatures
  An elephant (D:8)
  Prince Ribbit (D:7)
  A yak (D:8)
  A black bear (D:7)
  2 phantoms (D:5)
  4 ogres
  A crocodile (D:8)
  A centaur (D:8)
  A big kobold (D:8)
  3 bullfrogs (D:6)
  2 wyvern zombies
  A water moccasin skeleton (D:4)
  4 scorpions
  3 wights (D:6)
  4 crimson imps
  2 quasits
  3 gnoll shamans (D:5)
  3 hounds
  A jelly (D:8)
  4 orc wizards
  4 iguanas
  5 worker ants
  A hound zombie (D:8)
  2 hound skeletons
  37 gnolls
  13 adders
  A howler monkey skeleton (D:8)
  3 shadow imps
  4 oozes
  An adder skeleton (D:8)
  3 worms
  2 dart slugs
  9 leopard geckos
  14 orcs
  2 ball pythons
  5 bats
  6 giant cockroaches
  11 goblins
  9 hobgoblins
  27 jackals
  13 kobolds
  2 quokkas
  5 frilled lizards
  10 rats
232 creatures vanquished.

Notes
Turn   | Place    | Note
-------+----------+-------------------------------------------
     0 | D:1      | RaHiT the Mummy Conjurer began the quest for the Orb.
     0 | D:1      | Reached XP level 1. HP: 13/13 MP: 3/3
   348 | D:1      | Reached XP level 2. HP: 15/19 MP: 2/5
   359 | D:1      | Learned a level 2 spell: Searing Ray
   565 | D:1      | Reached skill level 3 in Spellcasting
   677 | D:1      | Reached XP level 3. HP: 14/24 MP: 2/7
   863 | D:1      | Learned a level 3 spell: Dazzling Spray
  1145 | D:2      | Reached skill level 4 in Spellcasting
  1145 | D:2      | Reached XP level 4. HP: 22/30 MP: 3/10
  1154 | D:2      | Learned a level 4 spell: Iskenderun's Mystic Blast
  1227 | D:2      | Found a sparkling altar of Nemelex Xobeh.
  1465 | D:2      | Found a shimmering altar of Xom.
  1753 | D:3      | Reached skill level 5 in Spellcasting
  1753 | D:3      | Reached XP level 5. HP: 23/35 MP: 6/12
  2551 | D:4      | Reached XP level 6. HP: 41/41 MP: 8/13
  2973 | D:4      | Reached skill level 5 in Conjurations
  3405 | D:5      | Entered Level 5 of the Dungeon
  3516 | D:4      | Reached XP level 7. HP: 23/46 MP: 10/15
  3758 | D:5      | Found a burning altar of Makhleb.
  3866 | D:5      | Reached skill level 6 in Spellcasting
  4174 | D:5      | Found Vieczoge's Gadget Boutique.
  4237 | D:5      | Reached skill level 7 in Spellcasting
  4244 | D:5      | Learned a level 5 spell: Iskenderun's Battlesphere
  4588 | D:5      | Reached XP level 8. HP: 42/52 MP: 13/18
  5376 | D:5      | Reached skill level 8 in Spellcasting
  5585 | D:5      | Learned a level 2 spell: Blink
  5738 | D:5      | Found a shattered altar of Ashenzari.
  5739 | D:5      | Found a sacrificial altar of Ru.
  5805 | D:6      | Found a staircase to the Ecumenical Temple.
  5816 | Temple   | Entered the Ecumenical Temple
  5913 | Temple   | Became a worshipper of Vehumet
  6271 | D:6      | Reached skill level 9 in Spellcasting
  6662 | D:6      | Noticed Edmund
  7180 | D:6      | Reached XP level 9. HP: 57/57 MP: 17/22
  7376 | D:7      | Got a brightly glowing ring mail
  7604 | D:7      | Learned a level 2 spell: Repel Missiles
  7609 | D:7      | Learned a level 3 spell: Mephitic Cloud
  7613 | D:7      | Learned a level 3 spell: Conjure Flame
  7623 | D:7      | Noticed Prince Ribbit
  7639 | D:7      | Killed Prince Ribbit
  8445 | D:7      | Reached * piety under Vehumet
  8445 | D:7      | Offered knowledge of Freeze by Vehumet.
  8831 | D:8      | Noticed an elephant
  8966 | D:8      | Found a staircase to the Lair.
  9552 | D:8      | Killed an elephant
  9552 | D:8      | Reached skill level 10 in Spellcasting
  9876 | D:9      | Noticed a troll
  9885 | D:9      | Slain by a troll

Skill      XL: |  1  2  3  4  5  6  7  8  9 |
---------------+----------------------------+-----
Spellcasting   | 3 4 5 7 9 10 | 10.4
Conjurations   | 4 5 6 8 |  8.0
Dodging        | |  1.5
Stealth        | |  1.5

Action                   |  1- 3 |  4- 6 |  7- 9 || total
-------------------------+-------+-------+-------++-------
Melee: Mace              |    30 |    52 |    93 ||   175
 Fire: Blowgun           |       |       |    14 ||    14
Throw: Throwing net      |       |       |     2 ||     2
 Cast: Magic Dart        |    53 |    30 |   161 ||   244
       Searing Ray       |     4 |    24 |    83 ||   111
       Iskenderun's Myst |       |       |    10 ||    10
       Mephitic Cloud    |       |       |     9 ||     9
       Dazzling Spray    |       |       |     5 ||     5
       Conjure Flame     |       |       |     3 ||     3
       Repel Missiles    |       |       |     1 ||     1
  Use: Scroll            |       |     5 |     4 ||     9
 Stab: Sleeping          |     1 |     2 |     1 ||     4
       Held in net/web   |       |       |     2 ||     2
       Confused          |       |       |     1 ||     1
Armor: Robe              |     7 |    19 |    33 ||    59
Dodge: Dodged            |    29 |    64 |   105 ||   198
